Map: Ruins of Seras

Players

MorN - Winner!

  • Race: Terran Terran
  • League: Diamond

Grippe

  • Race: Zerg Zerg
  • League: Master

VOD

Have the link to the VOD?

Description

Time

  • Played on: Nov. 17, 2015, 6:27 p.m.
  • Length: 11:00
Show
View Real Time Build Order
Export as new Build Order

MorN Terran - Winner!

Build Orders: Liberator Opening, Reaper Expand, MMM Bio 

Get SALT Encoding   

  12  0:00  SCV  
  13  0:13  SCV  
  14  0:18  Supply Depot  
  14  0:25  SCV  
  15  0:39  SCV  
  15  0:41  Barracks  
  16  0:45  Refinery  
  16  0:51  SCV  
  17  1:03  SCV  
  18  1:16  SCV  
  19  1:29  Reaper  
  19  1:30  Orbital Command  
  20  1:44  Command Center  
  20  1:52  Supply Depot  
  20  1:58  SCV  
  21  2:01  Reaper  
  22  2:10  SCV  
  23  2:22  SCV, Factory  
  25  2:44  SCV  
  25  2:45  Barracks Reactor  
  25  2:46  Command Center  
  25  2:56  SCV  
  26  3:04  Refinery, Orbital Command  
  26  3:08  SCV  
  27  3:18  Starport  
  27  3:24  SCV  
  28  3:29  Hellion x2  
  28  3:31  SCV  
  33  3:39  Barracks Tech Lab  
  33  3:40  SCV  
  33  3:41  Liberator  
  34  3:43  SCV  
  35  3:51  Hellion  
  35  3:52  SCV, Hellion  
  40  4:00  Orbital Command  
  40  4:01  SCV  
  40  4:02  Marine  
  45  4:05  SCV  
  46  4:13  Supply Depot, Hellion x2  
  50  4:19  SCV, Stimpack  
  50  4:20  Marine  
  50  4:22  SCV  
  53  4:27  SCV  
  54  4:32  SCV  
  54  4:36  Supply Depot  
  55  4:42  Barracks  
  55  4:43  SCV, Starport Reactor  
  56  4:45  Barracks  
  56  4:47  Factory Reactor  
  56  4:50  SCV  
  57  4:59  SCV  
  58  5:04  Engineering Bay  
  58  5:05  Engineering Bay  
  58  5:10  Marine  
  58  5:13  SCV  
  60  5:14  Refinery  
  60  5:15  SCV, Refinery  
  60  5:18  SCV  
  62  5:30  SCV  
  62  5:33  Medivac x2  
  64  5:36  SCV  
  64  5:39  Supply Depot  
  54  5:44  Bunker  
  54  5:45  Factory Reactor  
  54  5:47  Marine x5  
  59  5:51  Bunker  
  59  5:57  Terran Infantry Weapons Level 1  
  59  5:59  Terran Infantry Armor Level 1  
  59  6:05  Marine x5  
  59  6:06  SCV  
  59  6:08  Supply Depot  
  65  6:16  SCV  
  64  6:19  SCV  
  64  6:22  Marine  
  64  6:25  Marine x3  
  66  6:34  Marauder  
  68  6:40  Marine  
  68  6:41  Bunker  
  68  6:46  Orbital Command, Marine x2  
  71  6:50  Medivac x2  
  71  6:51  Armory  
  71  6:53  Barracks  
  71  6:54  Supply Depot, Barracks  
  75  6:56  Marine, Marauder  
  75  6:58  Marine  
  79  7:04  Marine x2  
  79  7:06  SCV x2  
  83  7:10  Supply Depot  
  83  7:14  Combat Shields  
  82  7:17  Marauder  
  82  7:18  SCV  
  79  7:31  SCV x2  
  79  7:33  Supply Depot  
  79  7:34  Marine x3  
  84  7:38  Marauder  
  84  7:40  Factory  
  84  7:41  Marine  
  84  7:42  Barracks  
  84  7:43  Barracks  
  87  7:44  Barracks Reactor  
  87  7:45  Barracks  
  87  7:47  Barracks Reactor  
  87  7:53  Marine x2  
  87  7:54  Terran Infantry Weapons Level 2, Terran Infantry Armor Level 2  
  87  7:55  SCV  
  87  7:58  Missile Turret  
  90  7:59  Missile Turret  
  90  8:00  Marauder  
  90  8:01  Missile Turret  
  90  8:03  Widow Mine  
  90  8:04  Widow Mine  
  96  8:08  Supply Depot  
  96  8:10  Marine x2  
  96  8:11  SCV, Marine  
  96  8:12  SCV  
  101  8:14  Refinery  
  101  8:17  Marine  
  101  8:18  SCV  
  103  8:21  Supply Depot, Marauder  
  103  8:24  Marine x2  
  103  8:25  Supply Depot  
  103  8:26  Factory Tech Lab  
  107  8:28  SCV, Marine  
  107  8:30  Barracks Tech Lab x2  
  107  8:31  Barracks Reactor  
  104  8:42  Marauder  
  104  8:44  Marine  
  104  8:45  Marine  
  105  8:50  SCV  
  105  8:52  SCV  
  105  8:55  Marine x4  
  109  8:56  Supply Depot, Siege Tank, Marauder x2  
  109  8:57  Medivac  
  109  9:01  Marine x2  
  109  9:02  SCV  
  123  9:04  Marauder  
  123  9:08  Supply Depot, Marine  
  123  9:09  SCV x2  
  128  9:10  Widow Mine  
  128  9:14  SCV  
  128  9:15  Marine x2  
  133  9:17  Marauder  
  133  9:19  Marine x2  
  133  9:20  Marine  
  133  9:21  SCV x2  
  133  9:22  Supply Depot  
  133  9:23  Marine  
  141  9:25  Marauder  
  141  9:26  SCV, Marine x2  
  141  9:27  Marauder  
  148  9:33  SCV  
  148  9:34  Marine x2  
  151  9:39  Marauder  
  145  9:47  Marauder  
  145  9:52  Marine x4  
  152  9:53  Marauder, Siege Tank, Medivac, Marine  
  152  9:54  SCV, Medivac  
  162  10:00  Supply Depot, Marauder  
  161  10:08  Marauder, Marine x3  
  161  10:12  Marine x2  
  164  10:14  Marine, Marauder  
  164  10:17  Supply Depot  
  165  10:21  Marine  
  165  10:22  SCV, Marauder  
  165  10:23  Supply Depot, Medivac, Marine x2  
  173  10:33  Command Center, Marauder  
  172  10:36  Marauder  
Show
View Real Time Build Order
Export as new Build Order

Grippe Zerg 

Build Orders: Hatch First 

Get SALT Encoding   

  12  0:00  Drone  
  13  0:08  Drone  
  14  0:18  Overlord  
  14  0:25  Drone, Extractor  
  15  0:36  Drone x2  
  17  0:43  Drone  
  18  0:59  Hatchery  
  18  1:01  Drone  
  18  1:07  Extractor  
  17  1:17  Spawning Pool  
  16  1:23  Drone  
  17  1:26  Drone  
  18  1:42  Drone  
  19  1:56  Hatchery  
  19  2:00  Drone  
  19  2:04  Zergling x4  
  21  2:13  Queen  
  23  2:20  Metabolic Boost  
  22  2:37  Queen  
  22  2:40  Drone x3  
  22  2:43  Drone  
  27  2:50  Drone  
  28  3:00  Overlord  
  28  3:03  Overlord  
  28  3:07  Spine Crawler  
  28  3:08  Drone x2  
  29  3:18  Drone x3  
  32  3:20  Drone  
  33  3:29  Drone x3  
  36  3:41  Drone x6  
  37  3:46  Queen  
  44  3:49  Zergling x2  
  46  3:55  Drone  
  46  3:56  Drone x3  
  46  3:58  Zergling x2  
  46  4:02  Overlord  
  50  4:07  Overlord  
  50  4:08  Extractor x2  
  48  4:16  Drone x2  
  50  4:22  Overlord  
  50  4:32  Roach Warren  
  50  4:33  Evolution Chamber  
  50  4:34  Zergling x2  
  50  4:35  Zergling x14  
  50  4:37  Evolution Chamber  
  52  4:49  Zergling x2  
  52  4:50  Zergling x10  
  53  5:04  Drone x5  
  58  5:12  Spore Crawler  
  58  5:13  Spore Crawler  
  56  5:18  Roach x3  
  59  5:35  Drone  
  59  5:36  Drone x6  
  66  5:48  Overlord x2  
  66  5:53  Overlord  
  66  6:00  Zerg Missile Weapons Level 1  
  66  6:08  Drone x6, Extractor  
  71  6:12  Zerg Ground Armor Level 1  
  67  6:25  Drone x5  
  61  6:34  Roach x4  
  67  6:42  Overlord  
  67  6:45  Zergling x10  
  68  6:58  Lair  
  68  7:01  Zergling x10  
  68  7:02  Zergling x4  
  75  7:11  Roach x5  
  75  7:12  Roach  
  82  7:20  Roach x2  
  82  7:28  Roach x4  
  90  7:32  Pneumatized Carapace  
  90  7:41  Extractor  
  90  7:42  Drone x3  
  92  7:44  Extractor  
  92  7:47  Drone x3  
  92  7:48  Drone x2  
  92  7:51  Overlord x3  
  96  7:55  Zerg Missile Weapons Level 2  
  96  7:57  Drone x2  
  98  8:08  Glial Reconstitution  
  98  8:09  Zerg Ground Armor Level 2  
  98  8:11  Roach  
  99  8:15  Roach x2  
  103  8:23  Roach x4  
  111  8:30  Roach x3  
  117  8:38  Roach  
  117  8:39  Roach x3  
  113  8:47  Roach x5  
  121  8:58  Overlord x2  
  121  9:03  Hydralisk Den  
  121  9:06  Roach  
  122  9:24  Hatchery  
  122  9:25  Roach  
  122  9:26  Roach x7  
  135  9:42  Overlord  
  135  9:43  Overlord  
  135  9:50  Hatchery  
  134  9:55  Overlord  
  134  10:00  Hydralisk x3  
  140  10:13  Overlord  
  132  10:17  Hydralisk x4  
  141  10:31  Hydralisk x6  
  152  10:40  Roach x2  
Tags
 
Add a new tag
Caveats
  • Supply blocks, unpowered buildings, or Contaminate may cause inaccurate times.
  • Supply counts are checked every 10 seconds.